 Dungeon Crawl Stone Soup version 0.29-a0-322-g68df515428 (console) character file.

Game seed: 5707961126242417816

40 Ignak the Ruffian (level 3, -4/36 HPs)
             Began as an Ogre Transmuter on Apr 8, 2022.
             Slain by a centaur (5 damage)
             ... on level 3 of the Dungeon.
             The game lasted 00:03:13 (1780 turns).

Ignak the Ruffian (Ogre Transmuter)                 Turns: 1780, Time: 00:03:14

Health: -4/36      AC:  4    Str: 16    XL:     3   Next: 50%
Magic:  6/7        EV: 10    Int: 14    God:
Gold:   84         SH:  0    Dex:  9    Spells: 4/7 levels left

rFire   . . .      SeeInvis .   f - +0 club
rCold   . . .      Faith    .   (no shield)
rNeg    . . .      Spirit   .   a - +0 robe
rPois   .          Reflect  .   (helmet currently unavailable)
rElec   .          Harm     .   c - +0 cloak
rCorr   .          Rampage  .   (gloves unavailable)
Will    .....                   (boots unavailable)
Stlth   +.........              (no amulet)
HPRegen 0.12/turn               (no ring)
MPRegen 0.10/turn               (no ring)

@: appendages
A: horns 2, talons 2, large, unfitting armour, tough skin 1
a: End Transformation


You were on level 3 of the Dungeon.
You had temporarily grown beastly horns and talons.
You visited 1 branch of the dungeon, and saw 3 of its levels.

You collected 84 gold pieces.

Inventory:

Hand Weapons
 f - a +0 club (weapon)
Armour
 a - a +0 robe (worn)
 c - a +0 cloak (worn)
Scrolls
 d - a scroll of identify {unknown}
 e - a scroll of teleportation
 g - a scroll of amnesia {unknown}
 h - a scroll of blinking {unknown}
Potions
 b - 2 potions of lignification
 i - 2 potions of invisibility {unknown}


   Skills:
 * Level 2.3 Fighting
 + Level 0.1 Maces & Flails
 + Level 2.1 Dodging
 - Level 3.0 Unarmed Combat
 + Level 2.8 Spellcasting
 + Level 2.2 Transmutations


You had 4 spell levels left.
You knew the following spells:

 Your Spells              Type           Power      Damage    Failure   Level
a - Wereblood             Tmut           8%         N/A       14%         2
z - Beastly Appendage     Tmut           16%        N/A       9%          1

Your spell library contained the following spells:

 Spells                   Type           Power      Damage    Failure   Level
 Spider Form              Tmut/Pois      5%         N/A       38%         3
 Ice Form                 Ice/Tmut       5%         N/A       80%         4


Dungeon Overview and Level Annotations

Branches:
Dungeon (3/15)

Altars:

Annotations:
D:2 Sigmund, Terence


Innate Abilities, Weirdness & Mutations

You have temporarily grown beastly horns and talons.
You are too large for most types of armour.
You have tough skin. (AC +1)


Message History

The rat closely misses you.
You barely miss the rat. You claw the rat.
You kill the rat!
You see here a rat corpse.
Your transformation is almost over.
i - 2 green potions
Okay, then.
You see here a +0 plate armour.
Okay, then.
Your horns disappear.
Your talons disappear.
Found a short sword.
There are no items here.
A centaur comes into view.
The centaur shouts!
The centaur wields a +3 shortbow.
The centaur shoots an arrow.
The arrow hits you!
The centaur shoots an arrow.
The arrow hits you!
The centaur shoots an arrow.
The arrow hits you.
The centaur unwields a +3 shortbow.
The centaur closely misses you. The centaur misses you.
Casting: Beastly Appendage (safe; 9% risk of failure)
Confirm with . or Enter, or press ? or * to list all spells.
You grow a pair of large bovine horns.
Your feet morph into talons.
The centaur hits you but does no damage.
The centaur completely misses you.
You barely miss the centaur. You claw the centaur.
The centaur is lightly wounded.
The centaur hits you.
* * * LOW HITPOINT WARNING * * *
The centaur closely misses you. The centaur hits you.
* * * LOW HITPOINT WARNING * * *
The centaur kicks you.
* * * LOW HITPOINT WARNING * * *
You barely miss the centaur. You claw the centaur, but do no damage.
You headbutt the centaur!
The centaur is heavily wounded.
The centaur hits you.
* * * LOW HITPOINT WARNING * * *
The centaur closely misses you. The centaur hits you.
You die...

###########
#######..@c......
.......).########
######..###### ####
###.......#
...##..#.......
#.#.#.#......#
#..###..######
#.#.#.#.##########.
#.#...#............


You could see a centaur.

Vanquished Creatures
  A gnoll (D:1)
  A dart slug (D:1)
  6 ball pythons (D:1)
  4 endoplasms (D:1)
  A giant cockroach (D:1)
  2 goblins (D:1)
  3 hobgoblins (D:1)
  A quokka (D:3)
  A frilled lizard (D:1)
  2 kobolds
  4 rats
26 creatures vanquished.

Notes
Turn   | Place    | Note
-------+----------+-------------------------------------------
     0 | D:1      | Ignak the Ogre Transmuter began the quest for the Orb.
     0 | D:1      | Reached XP level 1. HP: 19/19 MP: 3/3
   250 | D:1      | Found a faded altar of an unknown god.
   320 | D:1      | Reached XP level 2. HP: 28/28 MP: 3/5
   769 | D:1      | Reached XP level 3. HP: 34/35 MP: 7/7
   772 | D:1      | Learned a level 2 spell: Wereblood
  1116 | D:1      | Reached skill level 3 in Unarmed Combat
  1373 | D:2      | Noticed Terence
  1373 | D:2      | Noticed Sigmund
  1775 | D:3      | Noticed a centaur
  1780 | D:3      | HP: 1/36 [centaur (2)]
  1780 | D:3      | Slain by a centaur

Illustrated notes

Levels and vault maps discovered:
D:1:      dpeg_arrival_arbitrary_c, layout_loops_cross,
          ebering_ecumenical_altar_petrified, minmay_misc_feat_cross
D:2:      layout_basic, serial_shops, nicolae_shop_crystal, st_stairs_14,
          minmay_distorted, uniq_terence, uniq_sigmund
D:3:      layout_loops_ring, grunt_temple_overflow_open, chequers_jeans

Skill      XL: |  1  2  3 |
---------------+----------+-----
Dodging        | 2 |  2.1
Transmutations | 2 |  2.2
Fighting       | 2 |  2.3
Unarmed Combat | 3 |  3.0
Maces & Flails | |  0.1
Spellcasting   | |  2.8

Action                   || total
-------------------------++-------
Melee: Short sword       ||    36
       Unarmed           ||     7
       Headbutt          ||     7
       Kick              ||    17
       Punch             ||     1
       Club              ||    44
 Cast: Beastly Appendage ||    20
  Use: Scroll            ||     1
 Stab: Sleeping          ||     2
Armor: Robe              ||    21
Dodge: Dodged            ||    71

Table legend: (Time is in decaauts)
 A = Elapsed time spent in this place.
 B = Non-inter-level travel time spent in this place.
 C = Inter-level travel time spent in this place.
 D = Time resting spent in this place.
 E = Time spent auto-exploring this place.
 F = Levels seen in this place.
 G = Mean time per level.
                   A        B        C        D        E       F      G
               +--------+--------+--------+--------+--------+-----+--------+
         Total |   1794 |   1763 |     31 |    505 |    832 |   3 |  598.0 |
       Dungeon |   1794 |   1763 |     31 |    505 |    832 |   3 |  598.0 |
               +--------+--------+--------+--------+--------+-----+--------+

Top non-repeatable levels by time:
     D:1: 1320 daAuts
     D:3: 349 daAuts
     D:2: 124 daAuts
